 Dungeon Crawl Stone Soup version 0.22-a0-322-g60b3cfd (console) character file.

112 Er the Magician (level 4, 0/30 HPs)
             Began as a Demonspawn Venom Mage on Apr 4, 2018.
             Killed from afar by Natasha (7 damage)
             ... with a magic dart
             ... on level 2 of the Dungeon.
             The game lasted 00:07:48 (2638 turns).

Er the Magician (Demonspawn Venom Mage)             Turns: 2638, Time: 00:07:48

Health: 0/30       AC:  2    Str:  9    XL:     4   Next: 64%
Magic:  2/10       EV: 12    Int: 17    God:
Gold:   85         SH:  0    Dex: 15    Spells: 3/12 levels left

rFire    . . .     SeeInvis .   a - +2 war axe (venom)
rCold    . . .     Gourm    .   (no shield)
rNeg     . . .     Faith    .   d - +0 robe
rPois    .         Spirit   .   (helmet restricted)
rElec    .         Reflect  .   (no cloak)
rCorr    .         Harm     .   (no gloves)
MR       .....                  (no boots)
Stlth    +++.......             j - amulet of inaccuracy (curse)
HPRegen  0.10/turn              (no ring)
MPRegen  0.12/turn              (no ring)

@: very slightly contaminated
A: antennae 1, thin skeletal structure 1, nightstalker 1
a: no special abilities


You were on level 2 of the Dungeon.
You were not hungry.

You visited 1 branch of the dungeon, and saw 3 of its levels.

You collected 85 gold pieces.

Inventory:

Hand Weapons
 a - a +2 war axe of venom (weapon)
 l - a +2 whip of pain
Missiles
 e - 43 arrows
 g - 12 sling bullets
 i - 63 stones (quivered)
Armour
 d - a +0 robe (worn)
Jewellery
 j - a cursed amulet of inaccuracy (around neck)
Scrolls
 b - 2 scrolls of fog
 k - a scroll of remove curse {unknown}
Comestibles
 c - 2 rations


   Skills:
 - Level 1.7 Dodging
 - Level 1.7 Stealth
 + Level 4.5 Spellcasting
 - Level 1.0 Conjurations
 + Level 3.1 Poison Magic


You had 3 spell levels left.
You knew the following spells:

 Your Spells              Type           Power        Failure   Level  Hunger
m - Mephitic Cloud        Conj/Pois/Air  #.......     26%         3    ###....
v - Poisonous Vapours     Pois/Air       #.....       12%         2    ##.....
R - Olgreb's Toxic Radia  Pois           ##......     38%         4    ####...


Dungeon Overview and Level Annotations

Branches:
Dungeon (3/15)

Altars:
Cheibriados
The Shining One

Annotations:
D:1 exclusion: downstairs
D:2 Natasha


Innate Abilities, Weirdness & Mutations

You have a pair of small antennae on your head.
You have a somewhat thin skeletal structure. (Dex +2, Stealth)
You are slightly more attuned to the shadows.


Message History

The adder looks even sicker. x2; You feel sick.
The adder closely misses you.
Natasha zaps a wand.
You resist with some effort. The adder bites you.
* * * LOW HITPOINT WARNING * * *
The adder barely misses you. The adder closely misses you. Natasha claws you.
* * * LOW HITPOINT WARNING * * *
The adder bites you.
* * * LOW HITPOINT WARNING * * *
The adder bites you.
* * * LOW HITPOINT WARNING * * *
You are more poisoned.
The adder poisons you!
It was a potion of curing.
You feel better.
Natasha looks as sick as possible!
The adder looks even sicker.
Your toxic aura wanes.
The adder bites you. The adder barely misses you. The adder bites you.
* * * LOW HITPOINT WARNING * * *
Natasha growls.
Natasha casts a spell at you. The magic dart hits you!
You die...

.......# #..#####...........#
.#.##..#######.###.....##.....#.#
.#.##..##..........##....#....#.#
.....####..........##.....#..#..#
.....# #..........##.....###...#
.....# #..........##....###....#
.....# #..........##...#..#....#
.....# #......h.S.##..#....#...#
.....# #.#####S@S.##.)#.....##.#
.....# ###...#######...........#
.....#####8.>.8## #........####
........#.......# ##########
#######.#.>.8.>.# #.#.......#
#.##8...8## #..##...## ##).##'##


You could see Natasha and 3 adders.

Vanquished Creatures
  4 gnolls (D:2)
  An adder (D:2)
  2 worms (D:2)
  2 dart slugs
  A giant cockroach (D:2)
  7 goblins
  8 hobgoblins
  6 jackals
  6 kobolds
  A quokka (D:2)
  A ball python (D:2)
  5 bats
  2 frilled lizards
  9 rats
55 creatures vanquished.

Notes
Turn   | Place    | Note
-------+----------+-------------------------------------------
     0 | D:1      | Er the Demonspawn Venom Mage began the quest for the Orb.
     0 | D:1      | Reached XP level 1. HP: 13/13 MP: 3/3
   172 | D:1      | Gained mutation: You are slightly more attuned to the shadows. [demonic ancestry]
   172 | D:1      | Reached XP level 2. HP: 19/19 MP: 1/5
   190 | D:1      | Learned a level 2 spell: Poisonous Vapours
   568 | D:1      | Reached skill level 3 in Spellcasting
   736 | D:1      | Found a snail-covered altar of Cheibriados.
  1337 | D:2      | Gained mutation: You have a pair of small antennae on your head. [demonic ancestry]
  1337 | D:2      | Reached XP level 3. HP: 19/24 MP: 2/7
  1620 | D:2      | Reached skill level 4 in Spellcasting
  1620 | D:2      | Gained mutation: You have a somewhat thin skeletal structure. (Dex +2, Stealth) [demonic ancestry]
  1620 | D:2      | Reached XP level 4. HP: 30/30 MP: 2/10
  1716 | D:2      | Learned a level 3 spell: Mephitic Cloud
  2243 | D:2      | Found a glowing golden altar of the Shining One.
  2490 | D:2      | Learned a level 4 spell: Olgreb's Toxic Radiance
  2631 | D:3      | Noticed Natasha
  2638 | D:2      | Killed from afar by Natasha

Vault maps used:
D:1:      grunt_arrival_lava_bath, cheibriados_altar_1
D:2:      tso_oasis_becter, minmay_misc_feat_chi, grunt_ministairs_7
D:3:      okawaru_metal_pillars_1_2, uniq_grinder, uniq_natasha,
          uniq_crazy_yiuf_cottage

Skill      XL: |  1  2  3 |
---------------+----------+-----
Spellcasting   | 3 4 |  4.5
Dodging        | |  1.7
Stealth        | |  1.7
Conjurations   | |  1.0
Poison Magic   | |  3.1

Action                   |  1- 3 |  4- 6 || total
-------------------------+-------+-------++-------
Melee: Unarmed           |     3 |     7 ||    10
       War axe           |       |    12 ||    12
       Dagger            |       |     8 ||     8
 Cast: Sting             |    10 |       ||    10
       Poisonous Vapours |    27 |    29 ||    56
       Olgreb's Toxic Ra |       |     1 ||     1
  Use: Scroll            |     4 |       ||     4
       Potion            |     2 |     1 ||     3
 Stab: Sleeping          |       |     2 ||     2
  Eat: Chunk             |     4 |     4 ||     8
Armor: Robe              |     1 |    18 ||    19
Dodge: Dodged            |     9 |    32 ||    41

Table legend:
 A = Spawn XP
 B = Non-spawn XP
 C = Spawn XP percentage of total XP
 D = Spawn monster count
 E = Non-spawn monster count
 F = Spawn count percentage of total count
 G = Total turns spent on level
                    A         B        C        D         E        F      G
               +---------+---------+-------+---------+---------+-------+---------
         Total |       0 |     161 |   0.0 |       0 |      55 |   0.0 |  2638
               +---------+---------+-------+---------+---------+-------+---------
           D:1 |       0 |      35 |   0.0 |       0 |      19 |   0.0 |  1214
           D:2 |       0 |     125 |   0.0 |       0 |      35 |   0.0 |  1417
           D:3 |       0 |       1 |   0.0 |       0 |       1 |   0.0 |     7
               +---------+---------+-------+---------+---------+-------+---------
